AoeStats
← KanSu

Nomad

504404569Analyzed
4v4 RM · 27d ago on Sep 5, 2026· 46m 21s· 8 players
Game mode
Random Map
Map size
231×231
Population
200
Speed
Normal
Resources
Standard
Victory
Conquest
Starting age
Dark Age
Ending age
Imperial Age
RankedLock teamsTeams togetherTeam positionsShared explorationLock speedFull tech treeHidden civsTurbo modeCheats
Victory
Defeat
🇵🇪 Mongols · Peru
1610
+15
🇨🇷 Poles · Costa Rica
1597
+15
🇯🇵 Burmese · Japan
1594
+15
🇦🇺 Berbers · Australia
1540
+17
🇹🇼 Chinese · Taiwan
1628
-17
🇹🇼 Malians · Taiwan
1600
-17
🇻🇳 Vietnamese · Vietnam
1582
-16
🇺🇸 Hindustanis · United States
1494
-12
tigerdownhill_
3:43 Loom
13:21 Feudal Age
13:54 Double-Bit Axe
14:32 Town Watch
16:27 Fletching
28:25 Fishing Lines
42:20 Castle Age
40:49 Horse Collar
41:00 Gold Mining
41:45 Stone Mining
43:27 Bow Saw
44:06 Gillnets
KanSu
4:51 Loom
5:01 Loom
12:13 Feudal Age
12:44 Double-Bit Axe
12:50 Gold Mining
20:56 Castle Age
18:45 Town Watch
19:35 Wheelbarrow
20:22 Scale Barding Armor
20:27 Forging
21:26 Bloodlines
21:33 Fishing Lines
22:13 Medium Warships
22:18 Bow Saw
24:21 Gold Shaft Mining
23:29 Horse Collar
29:25 Chain Barding Armor
29:40 Iron Casting
30:27 Iron Casting
29:57 Husbandry
35:30 Hand Cart
40:36 Town Patrol
41:09 Heavy Plow
44:59 Imperial Age
TW_Kenneth
3:06 Loom
12:57 Feudal Age
17:20 Castle Age
15:56 Double-Bit Axe
16:58 Fishing Lines
17:15 Fletching
17:22 Town Watch
18:46 Gold Mining
19:22 Elite Skirmisher
20:00 Bodkin Arrow
23:06 Wheelbarrow
23:03 Padded Archer Armor
23:28 Crossbowman
23:49 Elite Skirmisher
26:01 Horse Collar
28:13 Ballistics
31:43 Leather Archer Armor
33:05 Hand Cart
34:24 Bow Saw
38:19 Imperial Age
38:04 Heavy Plow
38:14 Thumb Ring
39:00 Bracer
40:02 Chemistry
39:29 Arbalester
41:21 Ring Archer Armor
42:26 Conscription
45:04 Elite Chu Ko Nu
P0rr1dg3
6:06 Loom
14:30 Feudal Age
14:33 Man-at-Arms
16:10 Horse Collar
27:28 Double-Bit Axe
40:37 Castle Age
[MLT] Vexillolgy
11:48 Loom
14:03 Feudal Age
18:18 Castle Age
16:36 Horse Collar
17:05 Fletching
19:02 Double-Bit Axe
27:35 Bodkin Arrow
35:30 Scale Barding Armor
41:22 Stone Mining
45:31 Bow Saw
45:18 Gold Mining
46:59 Husbandry
47:10 Bloodlines
CopoDeNieve
6:06 Loom
13:39 Feudal Age
17:19 Castle Age
16:26 Double-Bit Axe
16:36 Fishing Lines
17:43 Town Watch
17:49 Fletching
19:13 Bodkin Arrow
19:30 Bow Saw
21:48 Horse Collar
23:17 Padded Archer Armor
30:46 Husbandry
33:23 Wheelbarrow
33:20 Ballistics
37:31 Imperial Age
36:43 Hand Cart
36:25 Stone Mining
36:26 Gold Mining
37:21 Gillnets
38:22 Bracer
39:29 Chemistry
40:03 Conscription
39:23 Elite Mangudai
41:12 Hoardings
40:54 Bloodlines
41:53 Leather Archer Armor
44:08 Scale Barding Armor
44:14 Forging
44:45 Drill
44:43 Capped Ram
47:25 Parthian Tactics
Songoku
4:49 Loom
16:11 Feudal Age
21:51 Castle Age
19:55 Gold Mining
20:05 Stone Mining
20:18 Fletching
21:10 Horse Collar
24:58 Padded Archer Armor
30:56 Town Watch
32:40 Wheelbarrow
38:29 Imperial Age
36:17 Scale Mail Armor
36:28 Forging
36:37 Heavy Plow
36:24 Pikeman
37:05 Squires
37:43 Hand Cart
37:10 Man-at-Arms
38:11 Gambesons
38:34 Gold Mining
38:15 Long Swordsman
39:44 Two-Handed Swordsman
41:18 Gold Shaft Mining
41:31 Chain Mail Armor
40:53 Capped Ram
41:49 Champion
44:52 Plate Mail Armor
45:43 Iron Casting
45:35 Conscription
Draga
7:04 Loom
12:51 Feudal Age
13:36 Double-Bit Axe
13:38 Town Watch
15:13 Fishing Lines
20:28 Castle Age
21:02 Fletching
22:46 Wheelbarrow
23:23 Medium Warships
24:58 Bow Saw
28:18 Horse Collar
35:10 Heavy Plow
37:16 Hand Cart
37:43 Gold Mining
42:37 Imperial Age
40:59 Scale Mail Armor
41:22 Forging
41:29 Squires
43:08 Chain Mail Armor
44:00 Iron Casting
43:05 Elite Obuch
44:53 Plate Mail Armor
44:46 Arson
46:31 Coinage
46:27 Conscription
47:42 Blast Furnace
47:30 Crop Rotation
Connection lost

Rejoining the realm…

Still unreachable

The connection could not be restored.

Session expired

The server has moved on; the page needs a fresh start.